 Dungeon Crawl Stone Soup version 0.28.0 (webtiles) character file.

Game seed: 8517011268170630001

3172 cbfl8 the Spear-Bearer (level 9, -3/117 HPs)
             Began as a Minotaur Berserker on Feb 16, 2022.
             Was a Priest of Trog.
             Slain by Erica (9 damage)
             ... on level 8 of the Dungeon.
             The game lasted 00:18:51 (7414 turns).

cbfl8 the Spear-Bearer (Minotaur Berserker)         Turns: 7414, Time: 00:18:52

Health: -3/117     AC: 17    Str: 23    XL:     9   Next: 63%
Magic:  8/8        EV: 10    Int:  6    God:    Trog [***...]
Gold:   408        SH:  0    Dex: 11    Spells: 8/8 levels left

rFire   . . .      SeeInvis .   m - +8 scythe (vorpal)
rCold   . . .      Faith    .   (shield currently unavailable)
rNeg    . . .      Spirit   .   n - +0 chain mail
rPois   .          Reflect  .   (helmet restricted)
rElec   .          Harm     .   x - +0 cloak
rCorr   .          Rampage  .   (no gloves)
Will    +++..                   G - +0 pair of boots
Stlth   ..........              f - amulet of the acrobat
HPRegen 1.29/turn               s - +4 ring of protection
MPRegen 0.11/turn               F - ring of willpower

@: berserking, strong-willed, regenerating, very quick
A: horns 2, retaliatory headbutt
a: Renounce Religion, Berserk, Trog's Hand


You were on level 8 of the Dungeon.
You worshipped Trog.
Trog was most pleased with you.
You visited 2 branches of the dungeon, and saw 9 of its levels.

You collected 408 gold pieces.

Inventory:

Hand Weapons
 a - a +0 hand axe
 m - a +8 vorpal scythe (weapon)
 A - a +2 vorpal spear
 D - a +5 spear of freezing
Missiles
 d - a throwing net (quivered)
Armour
 b - a +0 animal skin
 g - a +0 ring mail
 n - a +0 chain mail (worn)
 x - a +0 cloak (worn)
 G - a +0 pair of boots (worn)
Magical Staves
 B - a staff of cold
 C - a staff of fire
Jewellery
 f - an amulet of the acrobat (around neck)
 k - an amulet of the acrobat
 s - a +4 ring of protection (left hand)
 F - a ring of willpower (right hand)
Wands
 I - a wand of paralysis (3)
Scrolls
 c - a scroll of magic mapping {unknown}
 h - a scroll of enchant armour {unknown}
 j - 2 scrolls of teleportation {unknown}
 o - a scroll of noise {unknown}
 p - 2 scrolls of summoning {unknown}
 r - a scroll of enchant weapon {unknown}
 t - 2 scrolls of brand weapon {unknown}
 u - 2 scrolls of fog
 w - 2 scrolls of identify {unknown}
 y - a scroll of blinking {unknown}
 z - a scroll of acquirement {unknown}
 E - a scroll of vulnerability {unknown}
 K - 2 scrolls of immolation {unknown}
Potions
 e - 2 potions of degeneration {unknown}
 i - 4 potions of curing {unknown}
 l - 2 potions of heal wounds {unknown}
 q - a potion of haste
 v - a potion of lignification {unknown}
 H - a potion of berserk rage {unknown}
 J - a potion of resistance {unknown}


   Skills:
 + Level 6.9 Fighting
 + Level 5.6(9.1) Axes
 + Level 11.1(11.7) Polearms
 + Level 7.8 Armour
 + Level 4.9 Dodging
 + Level 1.5 Stealth


You had 8 spell levels left.
You didn't know any spells.
Your spell library contained the following spells:

 Spells                   Type           Power      Damage    Failure   Level
 Animate Skeleton         Necr           0%         N/A       97%         1
 Apportation              Tloc           0%         N/A       97%         1
 Summon Small Mammal      Summ           0%         N/A       97%         1
 Call Canine Familiar     Summ           0%         N/A       100%        3
 Gell's Gravitas          Tloc           0%         N/A       100%        3
 Summon Guardian Golem    Hex/Summ       0%         N/A       100%        3
 Teleport Other           Tloc           0%         N/A       100%        3
 Dispersal                Tloc           0%         N/A       100%        6


Dungeon Overview and Level Annotations

Branches:
Dungeon (8/15)             Temple (1/1) D:4
   Lair: D:8-11

Altars:
Ashenzari
Cheibriados
Dithmenos
Elyvilon
Fedhas
Gozag
Kikubaaqudgha
Makhleb
Nemelex Xobeh
Okawaru
Qazlal
Sif Muna
Trog
Uskayaw
Wu Jian
Xom
Yredelemnul
Zin
The Shining One

Annotations:
D:8 Erica


Innate Abilities, Weirdness & Mutations

You have a pair of horns on your head.
You reflexively headbutt those who attack you in melee.


Message History

You feel very sick.
You feel very sick.
You hear some strange, mumbled words.
A lance of force appears from out of thin air!
The lance of force hits you!
You are knocked back by the lance of force.
You slam into the rock wall!
You feel very sick. Something hits you. Something burns you.
Your skin crawls.
You feel strong-willed.
You feel sick. Something hits you. Something burns you.
Your polar bear goes berserk!
You can no longer call in reinforcements.
You feel sick. Something hits you.
* * * LOW HITPOINT WARNING * * *
Something burns you.
* * * LOW HITPOINT WARNING * * *
A red film seems to cover your vision as you go berserk!
You feel yourself moving faster!
You feel mighty!
You feel sick.
You hear some strange, mumbled words.
A lance of force appears from out of thin air!
The lance of force misses you.
You feel a strong urge to attack something.
You miss something. Your headbutt misses something.
You feel sick. Something hits you!
* * * LOW HITPOINT WARNING * * *
Something burns you.
* * * LOW HITPOINT WARNING * * *
You closely miss something.
You feel sick. Something hits you.
* * * LOW HITPOINT WARNING * * *
Something burns you.
* * * LOW HITPOINT WARNING * * *
You barely miss something. Your headbutt misses something.
You feel sick. Something hits you but does no damage.
You slash something!
You feel sick.
You are no longer poisoned.
Something hits you but does no damage.
You slice something!! Something hits you!
You die...

#.....#
######..########
#.....## #..#
#......# #..#
#....#.# #..#
#....#.## #..#
#....#..# #..#
#....##.## #..#
##...##..######..#
#..$..h@........#
#..####{######.######
.. .............)#
###.#####.####.# ..
#.# #.# #.# #.# #.#
.. #.# #.# ### #.#
#.# #.# #.####


You could see a friendly polar bear (summoned, berserk).

Vanquished Creatures
  A hornet (D:5)
  Sigmund (D:2)
  4 water moccasins
  A black bear (D:7)
  An ice beast (D:5)
  A necrophage (D:7)
  2 sky beasts
  4 ogres (D:4)
  3 centaurs
  2 phantoms
  A gnoll sergeant (D:5)
  A bullfrog (D:6)
  2 scorpions
  A wight (D:7)
  2 centaur zombies
  A bullfrog zombie (D:7)
  6 hounds
  2 jellies (D:6)
  An orc priest (D:4)
  A centaur skeleton (D:5)
  A bullfrog skeleton (D:5)
  A gnoll shaman (D:6)
  An iguana (D:6)
  3 orc wizards (D:5)
  A mummy (D:7)
  2 hound skeletons (D:5)
  A howler monkey skeleton (D:4)
  A howler monkey zombie (D:5)
  10 gnolls
  8 adders
  A shadow imp (D:7)
  A white imp (D:7)
  An adder skeleton (D:5)
  A worm (D:2)
  6 dart slugs
  21 orcs
  5 ball pythons
  5 endoplasms
  4 giant cockroaches
  10 goblins
  7 hobgoblins
  4 jackals (D:4)
  A quokka (D:2)
  6 bats
  5 frilled lizards (D:1)
  8 kobolds
  4 rats
157 creatures vanquished.

Notes
Turn   | Place    | Note
-------+----------+-------------------------------------------
     0 | D:1      | cbfl8 the Minotaur Berserker began the quest for the Orb.
     0 | D:1      | Reached XP level 1. HP: 19/19 MP: 0/0
   105 | D:1      | Reached XP level 2. HP: 27/27 MP: 1/1
   697 | D:1      | Reached ** piety under Trog
   814 | D:1      | Reached XP level 3. HP: 33/33 MP: 2/2
  1090 | D:2      | Noticed Sigmund
  1099 | D:2      | Killed Sigmund
  1100 | D:2      | Reached skill level 5 in Axes
  1100 | D:2      | Reached XP level 4. HP: 11/41 MP: 3/3
  1100 | D:2      | Reached XP level 5. HP: 13/47 MP: 4/4
  2561 | D:3      | Reached skill level 5 in Fighting
  3196 | D:4      | Found a staircase to the Ecumenical Temple.
  3199 | D:4      | Reached XP level 6. HP: 56/56 MP: 5/5
  3220 | D:4      | Reached skill level 2 in Polearms
  3262 | Temple   | Entered the Ecumenical Temple
  3706 | D:4      | Reached skill level 3 in Polearms
  3803 | D:4      | Reached *** piety under Trog
  3875 | D:4      | Reached XP level 7. HP: 58/61 MP: 6/6
  3880 | D:4      | Reached skill level 4 in Polearms
  4011 | D:4      | Reached skill level 5 in Armour
  4435 | D:5      | Entered Level 5 of the Dungeon
  4446 | D:4      | Reached skill level 5 in Polearms
  4650 | D:5      | Reached skill level 6 in Polearms
  4689 | D:5      | Noticed a hornet
  4700 | D:5      | Killed a hornet
  4701 | D:5      | Reached XP level 8. HP: 48/70 MP: 7/7
  4910 | D:5      | Reached skill level 7 in Polearms
  5078 | D:5      | Reached skill level 1 in Stealth
  5197 | D:5      | Reached skill level 8 in Polearms
  5615 | D:6      | Reached **** piety under Trog
  5762 | D:6      | Reached skill level 9 in Polearms
  5762 | D:6      | Reached XP level 9. HP: 78/78 MP: 8/8
  5992 | D:6      | Found a snail-covered altar of Cheibriados.
  5994 | D:6      | Found an ornate altar of the Wu Jian Council.
  6136 | D:7      | Reached skill level 10 in Polearms
  7236 | D:8      | Reached skill level 11 in Polearms
  7399 | D:8      | Noticed Erica
  7411 | D:8      | HP: 5/117 [something (4)]
  7414 | D:8      | Slain by Erica

Illustrated notes

Levels and vault maps discovered:
D:1:      co_arrival_square_in_a_square_in_a_square, layout_rooms,
          minmay_misc_feat_tower
D:2:      layout_loops_cross, roderic_serpentine_path, uniq_sigmund
D:3:      layout_basic
D:4:      layout_gridville, temple_pool_b, kennysheep_generic_room_12
D:5:      layout_rooms, minmay_misc_feat_five, kennysheep_generic_room_6
D:6:      layout_cave_pools, nicolae_overflow_hidden_temple
D:7:      black_bear_nest_2, layout_basic, serial_undead, serial_undead_d,
          serial_undead_a, serial_undead_c, serial_undead_d
D:8:      layout_basic, nicolae_ru_great_annihilating_truth,
          minmay_misc_feat_square, uniq_erica
Temple:   minmay_crystal_spiral_temple

Skill      XL: |  1  2  3  4  5  6  7  8  9 |
---------------+----------------------------+-----
Fighting       | 4 5 6 |  6.9
Axes           | 4 5 |  5.6
Armour         | 3 4 6 7 |  7.8
Dodging        | 3 4 |  4.9
Polearms       | 3 6 9 11 | 11.1
Stealth        | 1 |  1.5

Action                   |  1- 3 |  4- 6 |  7- 9 || total
-------------------------+-------+-------+-------++-------
Melee: Hand axe          |    69 |       |       ||    69
       Headbutt          |    11 |     4 |    23 ||    38
       Punch             |     1 |       |       ||     1
       Scythe            |       |    50 |   155 ||   205
Invok: Berserk           |       |       |     3 ||     3
       Trog's Hand       |       |       |     3 ||     3
       Brothers in Arms  |       |       |     1 ||     1
  Use: Scroll            |       |       |     1 ||     1
Armor: Animal skin       |    11 |       |       ||    11
       Ring mail         |     8 |     4 |       ||    12
       Chain mail        |       |    28 |   165 ||   193
Dodge: Dodged            |    73 |    87 |   198 ||   358
